 Dungeon Crawl Stone Soup version 0.19.1-1-g22dce08 (console) character file.

13410 Kloppie the Carver (level 11, -2/139 HPs)
             Began as a Mottled Draconian Berserker on Jan 14, 2017.
             Was a High Priest of Trog.
             Slain by a yak (3 damage)
             ... on level 3 of the Lair of Beasts.
             The game lasted 00:15:01 (10858 turns).

Kloppie the Carver (Mottled Draconian Berserker)   Turns: 10858, Time: 00:15:02

Health: -2/139     AC: 12    Str: 24    XL:     11   Next: 75%
Magic:  11/11      EV: 17    Int:  8    God:    Trog [*****.]
Gold:   682        SH:  0    Dex: 14    Spells: 0 memorised, 10 levels left

rFire  + . .     SeeInvis .     E - +6 triple sword (holy)
rCold  . . .     Gourm    +     (armour unavailable)
rNeg   . . .     Faith    .     (shield currently unavailable)
rPois  +         Spirit   .     (helmet restricted)
rElec  .         Reflect  .     A - +2 cloak {rPois}
rCorr  .         Harm     .     o - +1 pair of gloves
MR     .....                    (no boots)
Stlth  ..........               C - amulet of the gourmand
                                w - ring of protection from fire
                                (no ring)

@: berserking, short of breath, very quick
A: breathe sticky flame splash, unfitting armour, stinger 1, frail 1, poison
resistance, cold-blooded, AC +7
a: Breathe Sticky Flame, Berserk, Trog's Hand, Brothers in Arms, Burn
Spellbooks, Renounce Religion


You were on level 3 of the Lair of Beasts.
You worshipped Trog.
Trog was extremely pleased with you.
You were very full.

You visited 2 branches of the dungeon, and saw 13 of its levels.

You collected 913 gold pieces.
You spent 231 gold pieces at shops.

Inventory:

Hand Weapons
 a - a +4 scimitar of freezing
 b - a +4 scimitar of flaming
 v - a +2 great sword
 E - a +6 triple sword of holy wrath (weapon)
Armour
 o - a +1 pair of gloves (worn)
 A - a +2 cloak of poison resistance (worn)
Jewellery
 t - an uncursed ring of flight
 w - a ring of protection from fire (right hand)
 y - an uncursed ring of stealth
 C - an amulet of the gourmand (around neck)
Wands
 n - a wand of confusion (25/48)
 s - a wand of disintegration (4/24)
 B - a wand of enslavement (8/24)
Scrolls
 d - 5 scrolls of recharging
 e - a scroll of fog
 g - 6 scrolls of remove curse
 i - 2 scrolls of noise
 q - a scroll of enchant armour
 x - 2 scrolls of blinking
 F - a scroll of teleportation
 H - 2 scrolls of fear {unknown}
Potions
 f - a potion of heal wounds {unknown}
 j - 3 potions of brilliance
 m - 7 potions of curing
 p - a potion of flight
 r - 4 potions of degeneration {unknown}
 D - a potion of beneficial mutation {unknown}
 J - a potion of might {unknown}
Books
 I - a book of Changes

   Spells                             Type                      Level
   a - Beastly Appendage              Transmutation                1
   b - Sticks to Snakes               Transmutation                2
   c - Spider Form                    Transmutation/Poison         3
   d - Ice Form                       Ice/Transmutation            4
   e - Blade Hands                    Transmutation                5
   Trog disapproves of the use of such an item.
Comestibles
 c - 8 fruits
 h - 2 royal jellies
 k - 4 meat rations
 l - 6 beef jerkies
 u - 6 bread rations
 z - 7 slices of pizza
 G - a chunk of flesh


   Skills:
 + Level 12.2 Fighting
 + Level 13.4 Long Blades
 - Level 7.7 Dodging


You had 10 spell levels left.
You didn't know any spells.

Dungeon Overview and Level Annotations

Branches:
Dungeon (10/15)            Temple (0/1) D:5            Lair (3/6) D:10
 Shoals (0/4) Lair:2          Orc (0/2) D:9
  Snake: Lair:2-4    Spider: Lair:2-4

Altars:
Ashenzari
Elyvilon
Fedhas
Gozag
Hepliaklqana
Kikubaaqudgha
Okawaru
Qazlal
Trog
Uskayaw
Vehumet
Xom
Yredelemnul
Zin
The Shining One

Shops:
D:4 [   D:8 [

Annotations:
Lair:1 exclusion: oklob plant


Innate Abilities, Weirdness & Mutations

You can spit globs of burning liquid.
You can ignite nearby creatures when you spit burning liquid.
Your weird mottled scales are hard. (AC +7)
You cannot fit into any form of body armour.
You are cold-blooded and may be slowed by cold attacks.
Your tail ends in a poisonous barb.
You are frail. (-10% HP)
Your system is resistant to poisons. (rPois)


Message History

You slash the yak!
The yak is moderately wounded.
The yak barely misses you.
You riposte.
You slash the yak!
Your tail-slap misses the yak.
The yak is moderately wounded.
You barely miss the yak.
The yak is moderately wounded.
The polar bear moves out of view.
The yak gores you!
* * * LOW HITPOINT WARNING * * *
The yak gores you!
* * * LOW HITPOINT WARNING * * *
You slash the yak!
The yak is severely wounded.
The yak closely misses you. x2
You slice the yak!!
You feel the power of Trog in you as your rage grows.
You kill the yak!
Trog accepts your kill. The yak gores you.
You die...

........P.# ### #....#....#
#..## ## ..#.......###...#
.####.
..#.............##.....
..#.....#............#P....
..#.##.####.......#.P#....#.
..###.## ##.##.............
.## ### #......# ..P.[.$ .#
###.#@## ....... .# #.
##YY####....... .#
##.P.#h..#.......# .#
.....h......†....# .##
.##....†.......(#.# ...
....##...#......# ..P ...#
#............. ... .##
#...#P.....#... ...
###.......## ..


You could see 2 polar bears and 2 yaks.

Vanquished Creatures
  A hydra (Lair:2)
  Erica (D:9)
  An orc knight (D:10)
  The ghost of baruk the Magician, a novice DrTm of Kikubaaqudgha (D:5)
  A siren (Lair:2)
  A black mamba (Lair:2)
  3 spiny frogs
  2 komodo dragons
  A hornet (D:8)
  2 two-headed ogres (D:8)
  Prince Ribbit (D:7)
  Grinder (D:3)
  2 hippogriffs (D:7)
  12 yaks
  4 hogs (D:9)
  A human (D:9)
  3 water moccasins
  3 porcupines
  3 orc warriors
  5 black bears
  A necrophage (D:9)
  3 ice beasts
  3 phantoms
  4 ogres
  5 wolves (Lair:2)
  4 crocodiles
  3 centaurs
  7 bullfrogs
  3 scorpions
  8 wights
  An electric eel (Lair:1)
  A crimson imp (D:7)
  2 jellies
  2 quasits (D:7)
  Crazy Yiuf (D:3)
  8 hounds
  4 orc wizards
  3 orc priests
  Terence (D:3)
  7 worker ants
  2 iguanas
  2 hound zombies
  A hound skeleton (D:7)
  A howler monkey zombie (D:6)
  A howler monkey skeleton (D:7)
  10 adders
  A river rat (D:10)
  A shadow imp (D:8)
  An ooze (D:6)
  5 worms
  A dart slug (D:4)
  3 leopard geckos
  28 orcs
  9 bats
  A bat zombie (D:6)
  12 giant cockroaches
  10 goblins
  14 hobgoblins
  5 jackals
  4 quokkas
  2 ball pythons
  5 frilled lizards
  10 kobolds
  10 rats
  A rat zombie (D:6)
260 creatures vanquished.

Notes
Turn   | Place    | Note
-------+----------+-------------------------------------------
     0 | D:1      | Kloppie the Draconian Berserker began the quest for the Orb.
     0 | D:1      | Reached XP level 1. HP: 19/19 MP: 1/1
   106 | D:1      | Reached XP level 2. HP: 17/27 MP: 2/2
   717 | D:2      | Reached XP level 3. HP: 22/33 MP: 3/3
   924 | D:2      | Reached ** piety under Trog
   969 | D:2      | Reached skill level 4 in Long Blades
  1097 | D:2      | Reached XP level 4. HP: 27/41 MP: 4/4
  1154 | D:2      | Found a glowing silver altar of Zin.
  1188 | D:2      | Found a glowing golden altar of the Shining One.
  1595 | D:3      | Found a faded altar of an unknown god.
  1670 | D:3      | Reached *** piety under Trog
  1736 | D:3      | Noticed Terence
  1740 | D:3      | Noticed Grinder
  1740 | D:3      | Paralysed by Grinder for 2 turns
  1747 | D:3      | Killed Terence
  1747 | D:3      | Reached skill level 5 in Fighting
  1747 | D:3      | Reached XP level 5. HP: 39/48 MP: 5/5
  1773 | D:3      | Paralysed by Grinder for 6 turns
  1783 | D:3      | Paralysed by Grinder for 3 turns
  1790 | D:3      | Killed Grinder
  1790 | D:3      | Reached skill level 5 in Long Blades
  1790 | D:3      | Reached XP level 6. HP: 8/57 MP: 6/6
  2105 | D:3      | Found a runed door.
  2489 | D:3      | Noticed Crazy Yiuf
  2494 | D:3      | Killed Crazy Yiuf
  2632 | D:4      | Found an iron altar of Okawaru.
  2646 | D:4      | Your scales start taking on a weird mottled colour.
  2646 | D:4      | Reached XP level 7. HP: 58/64 MP: 7/7
  2766 | D:4      | Reached skill level 6 in Long Blades
  2936 | D:4      | Found Ruetruag's Armour Shoppe.
  3039 | D:4      | Found a hide-covered altar of Uskayaw.
  3250 | D:4      | Reached skill level 7 in Long Blades
  3426 | D:5      | Entered Level 5 of the Dungeon
  3438 | D:5      | Reached XP level 8. HP: 64/74 MP: 8/8
  3474 | D:5      | Noticed baruk's ghost (novice DrTm)
  3475 | D:5      | Found a staircase to the Ecumenical Temple.
  3482 | D:5      | Killed baruk's ghost
  3585 | D:5      | Found a shattered altar of Ashenzari.
  3597 | D:5      | Reached skill level 8 in Long Blades
  3727 | D:5      | Found a basalt altar of Yredelemnul.
  3790 | D:5      | Found a white marble altar of Elyvilon.
  3845 | D:5      | Reached **** piety under Trog
  4318 | D:6      | Found an ancient bone altar of Kikubaaqudgha.
  4558 | D:7      | Noticed a hippogriff
  4564 | D:7      | Killed a hippogriff
  4564 | D:7      | Reached XP level 9. HP: 49/85 MP: 9/9
  4587 | D:7      | Reached skill level 9 in Long Blades
  5269 | D:7      | Noticed Prince Ribbit
  5290 | D:7      | Killed Prince Ribbit
  5649 | D:7      | Found a blossoming altar of Fedhas.
  5743 | D:7      | Gained mutation: You are frail. (-10% HP) [potion of mutation]
  5743 | D:7      | Gained mutation: Your system is resistant to poisons. (rPois) [potion of mutation]
  5743 | D:7      | Gained mutation: Your tail ends in a poisonous barb. [potion of mutation]
  5991 | D:8      | Found a shimmering altar of Xom.
  6136 | D:8      | Reached skill level 10 in Long Blades
  6136 | D:8      | Reached skill level 5 in Dodging
  6206 | D:8      | Found an opulent altar of Gozag.
  6262 | D:8      | Found Eliom's Antique Armour Emporium.
  6275 | D:8      | Bought an embroidered cloak for 231 gold pieces
  6430 | D:8      | Reached XP level 10. HP: 71/83 MP: 10/10
  6503 | D:9      | Found a stormy altar of Qazlal.
  6520 | D:9      | Found a hazy altar of Hepliaklqana.
  6616 | D:9      | Noticed Erica
  6629 | D:9      | Killed Erica
  6629 | D:9      | Reached skill level 11 in Long Blades
  6664 | D:9      | Reached ***** piety under Trog
  6734 | D:9      | Found a staircase to the Orcish Mines.
  6764 | D:9      | Found a bloodstained altar of Trog.
  7229 | D:10     | Entered Level 10 of the Dungeon
  7236 | D:10     | Found an opulent altar of Gozag.
  7262 | D:10     | Found a staircase to the Lair.
  7300 | D:10     | Reached skill level 10 in Fighting
  8120 | D:10     | Reached skill level 12 in Long Blades
  8131 | D:10     | Noticed an orc knight
  8147 | D:10     | Killed an orc knight
  8447 | Lair:1   | Entered Level 1 of the Lair of Beasts
  8534 | Lair:1   | Noticed a spiny frog
  8538 | Lair:1   | Noticed a spiny frog
  8546 | Lair:1   | Reached XP level 11. HP: 90/90 MP: 11/11
  8985 | Lair:1   | Found a radiant altar of Vehumet.
  8985 | Lair:1   | Noticed an oklob plant
  9442 | Lair:2   | HP: 2/91 [black mamba (6)]
  9835 | Lair:2   | Noticed a six-headed hydra
  9839 | Lair:2   | Received a gift from Trog
  9844 | Lair:2   | Killed a three-headed hydra
  9844 | Lair:2   | Reached skill level 13 in Long Blades
 10101 | Lair:2   | Identified a scroll of acquirement
 10379 | Lair:2   | Found a staircase to the Shoals.
 10856 | Lair:3   | HP: 1/139 [yak (15)]
 10858 | Lair:3   | Slain by a yak

Skill      XL: |  1  2  3  4  5  6  7  8  9 10 11 |
---------------+----------------------------------+-----
Fighting       | 4 5 6 7 9 10 12 | 12.2
Long Blades    | 4 5 7 8 10 12 13 | 13.4
Dodging        | 6 7 |  7.7

Action                   |  1- 3 |  4- 6 |  7- 9 | 10-12 || total
-------------------------+-------+-------+-------+-------++-------
Melee: Falchion          |   108 |   165 |    21 |       ||   294
       Tailslap          |    19 |    21 |    40 |    60 ||   140
       Scimitar          |       |       |   183 |   291 ||   474
       Triple sword      |       |       |       |    12 ||    12
Invok: Berserk           |     3 |     4 |     2 |     4 ||    13
       Trog's Hand       |       |     2 |       |     1 ||     3
 Abil: Breathe Sticky Fl |       |       |       |     3 ||     3
  Use: Scroll            |       |       |     8 |     9 ||    17
       Potion            |       |       |     7 |       ||     7
 Stab: Sleeping          |       |     1 |     1 |       ||     2
  Eat: Chunk             |     4 |     9 |    18 |    22 ||    53
       Meat ration       |       |       |     1 |       ||     1
Armor: Skin              |    34 |    47 |    82 |    60 ||   223
Dodge: Dodged            |    92 |   108 |   143 |   183 ||   526
       Rpst.: Falchion   |    35 |    36 |     5 |       ||    76
       Scimitar          |       |       |    31 |    52 ||    83
       Triple sword      |       |       |       |     4 ||     4
